SL
MONTANA PANDAS @ FT. WORTH CATTLEMEN
06/16/2027
 
TOP OF THE 1ST
Montana Pandas batting - Pitching for Ft. Worth Cattlemen : RHP Gustavo Pérez
Pitching: RHP Gustavo Pérez
Batting: SHB Jake Richardson 0-0: Ball
1-0: Called Strike
1-1: Foul Ball, location: 2F
1-2: Fly out, F7 (Flyball, 78D)
Batting: RHB Lúcio López 0-0: Ball
1-0: Called Strike
1-1: Ball
2-1: Ground out 5-3 (Groundball, 56)
Batting: LHB Mike Silver 0-0: Fly out, F9 (Flyball, 9)
Top of the 1st over - 0 run(s), 0 hit(s), 0 error(s), 0 left on base; Montana 0 - Ft. Worth 0
BOTTOM OF THE 1ST
Ft. Worth Cattlemen batting - Pitching for Montana Pandas : LHP Seung-hyeon So
Pitching: LHP Seung-hyeon So
Batting: RHB Jesús Cisneros 0-0: Ball
1-0: Called Strike
1-1: Ground out 6-3 (Groundball, 56)
Batting: LHB Nobuo Yamashita 0-0: Called Strike
0-1: Swinging Strike
0-2: Ground out 5-3 (Groundball, 56S)
Batting: SHB Robby Day 0-0: Called Strike
0-1: Ground out 5-3 (Groundball, 56)
Bottom of the 1st over - 0 run(s), 0 hit(s), 0 error(s), 0 left on base; Montana 0 - Ft. Worth 0
TOP OF THE 2ND
Montana Pandas batting - Pitching for Ft. Worth Cattlemen : RHP Gustavo Pérez
Batting: SHB Ramiro Salazar 0-0: Foul Ball, location: 2F
0-1: Called Strike
0-2: Ball
1-2: Strikes out swinging
Batting: LHB Clay Rush 0-0: Ball
1-0: Called Strike
1-1: Fly out, F8 (Flyball, 8LD)
Batting: LHB Joaquín Rangel 0-0: Swinging Strike
0-1: Called Strike
0-2: Ball
1-2: Foul Ball, location: 2F
1-2: Ball
2-2: Strikes out swinging
Top of the 2nd over - 0 run(s), 0 hit(s), 0 error(s), 0 left on base; Montana 0 - Ft. Worth 0
BOTTOM OF THE 2ND
Ft. Worth Cattlemen batting - Pitching for Montana Pandas : LHP Seung-hyeon So
Batting: RHB Bart Lewis 0-0: Called Strike
0-1: Ball
1-1: Foul Ball, location: 2F
1-2: Strikes out swinging
Batting: RHB Enrique Marroquín 0-0: Called Strike
0-1: Ball
1-1: SINGLE (Line Drive, 56)
Batting: RHB Tim Burney 0-0: Ball
1-0: Ball
2-0: Called Strike
2-1: Foul Ball, location: 2F
2-2: Fly out, F8 (Flyball, 89S)
Batting: RHB Ed Hopkins 0-0: Called Strike
0-1: Foul Ball, location: 2F
0-2: Strikes out looking
Bottom of the 2nd over - 0 run(s), 1 hit(s), 0 error(s), 1 left on base; Montana 0 - Ft. Worth 0
TOP OF THE 3RD
Montana Pandas batting - Pitching for Ft. Worth Cattlemen : RHP Gustavo Pérez
Batting: RHB Riley Howard 0-0: Called Strike
0-1: Called Strike
0-2: Strikes out looking
Batting: RHB Yuji Ine 0-0: Ball
1-0: Ball
2-0: Swinging Strike
2-1: Foul Ball, location: 2F
2-2: Foul Ball, location: 2F
2-2: Foul Ball, location: 2F
2-2: Ball
3-2: Strikes out looking
Batting: RHB Pancho Salaedo 0-0: Ball
1-0: Swinging Strike
1-1: Foul Ball, location: 2F
1-2: Ball
2-2: Ground out 6-3 (Groundball, 6)
Top of the 3rd over - 0 run(s), 0 hit(s), 0 error(s), 0 left on base; Montana 0 - Ft. Worth 0
BOTTOM OF THE 3RD
Ft. Worth Cattlemen batting - Pitching for Montana Pandas : LHP Seung-hyeon So
Batting: RHB Keith Best 0-0: Called Strike
0-1: Swinging Strike
0-2: Ground out 1-3 (Groundball, P)
Batting: SHB John Allen 0-0: Ball
1-0: Ball
2-0: SINGLE (Line Drive, 4MD)
Batting: RHB Jesús Cisneros 0-0: Grounds into double play, 4-6-3 (Groundball, 4)
Bottom of the 3rd over - 0 run(s), 1 hit(s), 0 error(s), 0 left on base; Montana 0 - Ft. Worth 0
TOP OF THE 4TH
Montana Pandas batting - Pitching for Ft. Worth Cattlemen : RHP Gustavo Pérez
Batting: SHB Jake Richardson 0-0: Swinging Strike
0-1: Ball
1-1: Ball
2-1: Foul Ball, location: 2F
2-2: Fly out, F8 (Flyball, 89D)
Batting: RHB Lúcio López 0-0: Swinging Strike
0-1: Ball
1-1: Foul Ball, location: 2F
1-2: Ball
2-2: Ball
3-2: SINGLE (Groundball, 56D)
Batting: LHB Mike Silver 0-0: Foul Ball, location: 2F
0-1: Foul Ball, location: 2F
0-2: Ball
1-2: Foul Ball, location: 2F
1-2: Strikes out swinging
Batting: SHB Ramiro Salazar 0-0: Foul Ball, location: 2F
0-1: Ground out 1-3 (Groundball, P)
Top of the 4th over - 0 run(s), 1 hit(s), 0 error(s), 1 left on base; Montana 0 - Ft. Worth 0
BOTTOM OF THE 4TH
Ft. Worth Cattlemen batting - Pitching for Montana Pandas : LHP Seung-hyeon So
Batting: LHB Nobuo Yamashita 0-0: Ball
1-0: Fly out, F2 (Popup, 15)
Batting: SHB Robby Day 0-0: Fly out, F8 (Line Drive, 78D)
Batting: RHB Bart Lewis 0-0: Foul Ball, location: 2F
0-1: Swinging Strike
0-2: Ball
1-2: Foul Ball, location: 2F
1-2: Foul Ball, location: 2F
1-2: Fly out, F7 (Flyball, 7D)
Bottom of the 4th over - 0 run(s), 0 hit(s), 0 error(s), 0 left on base; Montana 0 - Ft. Worth 0
TOP OF THE 5TH
Montana Pandas batting - Pitching for Ft. Worth Cattlemen : RHP Gustavo Pérez
Batting: LHB Clay Rush 0-0: Foul Ball, location: 2F
0-1: Ball
1-1: Called Strike
1-2: Ball
2-2: DOUBLE (Flyball, 89M)
Batting: LHB Joaquín Rangel 0-0: Intentional Walk
Batting: RHB Riley Howard 0-0: Ball
1-0: Ball
2-0: Fly out, F5 (Line Drive, 5)
Batting: RHB Yuji Ine 0-0: Ball
1-0: Swinging Strike
1-1: Foul Ball, location: 2F
1-2: Ball
2-2: Foul Ball, location: 2F
2-2: Ball
3-2: Foul Ball, location: 2F
3-2: Strikes out swinging
Batting: RHB Pancho Salaedo 0-0: Foul Ball, location: 2F
0-1: Fly out, F6 (Popup, 6D)
Top of the 5th over - 0 run(s), 1 hit(s), 0 error(s), 2 left on base; Montana 0 - Ft. Worth 0
BOTTOM OF THE 5TH
Ft. Worth Cattlemen batting - Pitching for Montana Pandas : LHP Seung-hyeon So
Batting: RHB Enrique Marroquín 0-0: Called Strike
0-1: Foul Ball, location: 2F
0-2: Foul Ball, location: 2F
0-2: Foul Ball, location: 2F
0-2: Ball
1-2: Strikes out swinging
Batting: RHB Tim Burney 0-0: Called Strike
0-1: Ball
1-1: Swinging Strike
1-2: Ground out 6-3 (Groundball, 56)
Batting: RHB Ed Hopkins 0-0: Called Strike
0-1: Ball
1-1: Ball
2-1: Called Strike
2-2: Reached on error, E6 (Popup, 6)
Batting: RHB Keith Best 0-0: Called Strike
0-1: Ball
1-1: Foul Ball, location: 2F
1-2: Fly out, F9 (Flyball, 9LM)
Bottom of the 5th over - 0 run(s), 0 hit(s), 1 error(s), 1 left on base; Montana 0 - Ft. Worth 0
TOP OF THE 6TH
Montana Pandas batting - Pitching for Ft. Worth Cattlemen : RHP Gustavo Pérez
Batting: SHB Jake Richardson 0-0: Called Strike
0-1: Called Strike
0-2: Fly out, F3 (Popup, 3L)
Batting: RHB Lúcio López 0-0: Called Strike
0-1: Ball
1-1: Ball
2-1: Swinging Strike
2-2: Strikes out swinging, 2-3 out at first.
Batting: LHB Mike Silver 0-0: Called Strike
0-1: Called Strike
0-2: Ball
1-2: Ball
2-2: Fly out, F7 (Flyball, 78S)
Top of the 6th over - 0 run(s), 0 hit(s), 0 error(s), 0 left on base; Montana 0 - Ft. Worth 0
BOTTOM OF THE 6TH
Ft. Worth Cattlemen batting - Pitching for Montana Pandas : LHP Seung-hyeon So
Batting: SHB John Allen 0-0: Ball
1-0: SINGLE (Groundball, 34D)
Batting: RHB Jesús Cisneros 0-0: Sac Bunt - play at first, batter OUT! 1-4
John Allen to second
Batting: LHB Nobuo Yamashita 0-0: Swinging Strike
0-1: Swinging Strike
0-2: Foul Ball, location: 2F
0-2: Ball
Wild Pitch!
John Allen to third
1-2: Ball
2-2: Fly out, F7 (Flyball, 7S)
Batting: SHB Robby Day 0-0: Ball
1-0: Ball
2-0: Foul Ball, location: 2F
2-1: Called Strike
2-2: SINGLE (Flyball, 89S) - OUT at second base trying to stretch hit.
John Allen scores
Bottom of the 6th over - 1 run(s), 2 hit(s), 0 error(s), 0 left on base; Montana 0 - Ft. Worth 1
TOP OF THE 7TH
Montana Pandas batting - Pitching for Ft. Worth Cattlemen : RHP Gustavo Pérez
Batting: SHB Ramiro Salazar 0-0: Swinging Strike
0-1: Swinging Strike
0-2: Fly out, F9 (Flyball, 9LS)
Batting: LHB Clay Rush 0-0: Called Strike
0-1: Called Strike
0-2: Ball
1-2: Foul Ball, location: 2F
1-2: Ball
2-2: Strikes out looking
Batting: LHB Joaquín Rangel 0-0: Ball
1-0: Swinging Strike
1-1: Foul Ball, location: 2F
1-2: Strikes out swinging
Top of the 7th over - 0 run(s), 0 hit(s), 0 error(s), 0 left on base; Montana 0 - Ft. Worth 1
BOTTOM OF THE 7TH
Ft. Worth Cattlemen batting - Pitching for Montana Pandas : LHP Seung-hyeon So
Batting: RHB Bart Lewis 0-0: Called Strike
0-1: Fly out, F7 (Flyball, 7)
Batting: RHB Enrique Marroquín 0-0: Called Strike
0-1: Ball
1-1: Swinging Strike
1-2: Strikes out swinging, 2-3 out at first.
Batting: RHB Tim Burney 0-0: Ball
1-0: Ball
2-0: Ball
3-0: Base on Balls
Pitching: LHP Luis Torres
Batting: RHB Ed Hopkins 0-0: Foul Ball, location: 2F
0-1: Called Strike
0-2: SINGLE (Groundball, 56D)
Tim Burney to second
Batting: RHB Keith Best 0-0: Ball
1-0: Ball
2-0: SINGLE (Groundball, 3S) (infield hit)
Tim Burney to third
Ed Hopkins to second
Batting: SHB John Allen 0-0: Fielders Choice at 2nd, 6-4 (Groundball, 6)
Bottom of the 7th over - 0 run(s), 2 hit(s), 0 error(s), 2 left on base; Montana 0 - Ft. Worth 1
TOP OF THE 8TH
Montana Pandas batting - Pitching for Ft. Worth Cattlemen : RHP Gustavo Pérez
Now at 2B: Davis Anderson
Batting: RHB Riley Howard 0-0: Fly out, F7 (Flyball, 7)
Batting: RHB Yuji Ine 0-0: Ball
1-0: Ball
2-0: Called Strike
2-1: Swinging Strike
2-2: Ball
3-2: Base on Balls
Batting: RHB Pancho Salaedo 0-0: Called Strike
0-1: Foul Ball, location: 2F
0-2: Ball
1-2: Fly out, F7 (Flyball, 7D)
Batting: SHB Jake Richardson 0-0: Ball
1-0: Called Strike
1-1: Ball
2-1: Foul Ball, location: 2F
2-2: Ball
3-2: SINGLE (Groundball, 34D)
Yuji Ine to second
Yuji Ine to third
Pitching: LHP Jason Horne
Batting: RHB Lúcio López 0-0: Ball
1-0: Called Strike
1-1: Ball
2-1: Swinging Strike
2-2: Ball
3-2: Strikes out swinging
Top of the 8th over - 0 run(s), 1 hit(s), 0 error(s), 2 left on base; Montana 0 - Ft. Worth 1
BOTTOM OF THE 8TH
Ft. Worth Cattlemen batting - Pitching for Montana Pandas : LHP Luis Torres
Batting: RHB Jesús Cisneros 0-0: Called Strike
0-1: Called Strike
0-2: Ball
1-2: Ground out 4-3 (Groundball, 4)
Batting: LHB Nobuo Yamashita 0-0: Called Strike
0-1: Ball
1-1: Swinging Strike
1-2: Ball
2-2: Fly out, F8 (Flyball, 8LD)
Batting: SHB Robby Day 0-0: Ball
1-0: Fly out, F8 (Flyball, 8RD)
Bottom of the 8th over - 0 run(s), 0 hit(s), 0 error(s), 0 left on base; Montana 0 - Ft. Worth 1
TOP OF THE 9TH
Montana Pandas batting - Pitching for Ft. Worth Cattlemen : LHP Jason Horne
Pitching: LHP Asher Spivey
Batting: LHB Mike Silver 0-0: Foul Ball, location: 2F
0-1: SINGLE (Flyball, 8RS)
Batting: SHB Ramiro Salazar 0-0: Ball
1-0: Called Strike
1-1: Grounds into double play, 5-4-3 (Groundball, 5L)
Pinch Hitting: RHB David Ramírez 0-0: Foul Ball, location: 2F
0-1: Ball
1-1: Ball
2-1: Ball
3-1: Foul Ball, location: 2F
3-2: Strikes out swinging
Top of the 9th over - 0 run(s), 1 hit(s), 0 error(s), 0 left on base; Montana 0 - Ft. Worth 1
Saturday, May 26th, 2018 - OOTP Baseball 17.12 Build 75